Map: Phantom Mode

Players

AngryPenguin

  • Race: Protoss Protoss
  • League: Gold
  • Spawn Location: 1:00

MiCrO

  • Race: Zerg Zerg
  • Spawn Location: 9:00

Psyduck

  • Race: Protoss Protoss
  • Spawn Location: 11:00

Artic

  • Race: Zerg Zerg
  • Spawn Location: 3:00

Ghyslyn

  • Race: Zerg Zerg
  • League: Master
  • Spawn Location: 7:00

Cyclone

  • Race: Terran Terran
  • Spawn Location: 5:00

SweetBailey

  • Race: Protoss Protoss
  • Spawn Location: 5:00

MordredHoper

  • Race: Terran Terran
  • Spawn Location: 7:00

VOD

Have the link to the VOD?

Description

Time

  • Played on: Nov. 20, 2024, 3:09 a.m.
  • Length: 101:55
Show
View Real Time Build Order
Export as new Build Order

AngryPenguin Protoss 

Build Orders: 1 Gate Expand, Nexus First 

Get SALT Encoding   

  12  0:34  Pylon  
  12  0:36  Probe  
  13  0:48  Probe  
  14  0:53  Gateway  
  14  0:55  Nexus  
  14  1:00  Probe  
  14  1:03  Assimilator  
  15  1:07  Pylon, Assimilator  
  15  1:12  Probe  
  16  1:24  Probe  
  17  1:37  Probe  
  18  1:40  Cybernetics Core  
  18  1:49  Probe  
  19  2:01  Probe  
  20  2:08  Probe  
  21  2:14  Probe  
  22  2:20  Probe  
  22  2:21  Stargate  
  22  2:22  Stargate  
  23  2:23  Stargate  
  23  2:26  Probe  
  24  2:32  Probe  
  25  2:38  Probe  
  26  2:44  Probe  
  27  2:56  Probe  
  28  2:58  Protoss Air Weapons Level 1  
  28  3:11  Void Ray x2 (Chrono Boost)  
  28  3:12  Void Ray (Chrono Boost)  
  40  3:24  Probe  
  40  3:26  Probe  
  42  3:36  Probe  
  42  3:38  Probe  
  44  3:49  Probe  
  44  3:50  Probe  
  46  4:01  Nexus  
  46  4:03  Unknown  
  46  4:10  Pylon  
  46  4:11  Pylon  
  46  4:14  Pylon  
  46  4:28  Probe x2  
  56  4:34  Void Ray  
  56  4:35  Void Ray  
  56  4:37  Assimilator  
  56  4:39  Assimilator  
  56  4:40  Probe  
  56  4:45  Probe  
  63  4:52  Probe  
  63  4:55  Void Ray  
  63  4:57  Probe  
  64  5:04  Probe  
  65  5:10  Probe (Chrono Boost)  
  66  5:17  Probe (Chrono Boost)  
  67  5:27  Probe (Chrono Boost)  
  69  5:29  Probe (Chrono Boost)  
  69  5:30  Probe (Chrono Boost)  
  69  5:32  Probe (Chrono Boost)  
  71  5:37  Probe  
  71  5:41  Probe  
  73  5:45  Warp Gate  
  73  5:49  Probe  
  74  5:53  Probe, Pylon x2  
  74  5:55  Pylon  
  74  5:57  Pylon  
  75  5:58  Pylon  
  75  5:59  Pylon  
  75  6:00  Pylon  
  75  6:05  Probe  
  75  6:06  Fleet Beacon, Cybernetics Core  
  76  6:13  Forge  
  85  6:20  Probe (Chrono Boost)  
  85  6:22  Probe (Chrono Boost), Void Ray x2  
  90  6:25  Void Ray  
  90  6:32  Probe (Chrono Boost)  
  91  6:37  Probe (Chrono Boost)  
  92  7:29  Pylon  
  104  7:31  Pylon  
  104  7:32  Pylon  
  104  7:33  Pylon, Void Ray (Chrono Boost)  
  104  7:34  Pylon, Void Ray x2 (Chrono Boost)  
  104  7:35  Pylon  
  104  7:37  Stargate x2  
  104  7:38  Stargate  
  104  7:39  Nexus  
  104  7:41  Protoss Shields Level 1 (Chrono Boost)  
  104  7:43  Assimilator  
  104  7:45  Assimilator  
  104  7:51  Protoss Air Armor Level 1 (Chrono Boost), Protoss Air Weapons Level 2 (Chrono Boost)  
  104  8:10  Flux Vanes  
  104  8:12  Void Ray x3  
  116  8:13  Probe (Chrono Boost)  
  117  8:25  Probe (Chrono Boost)  
  118  8:30  Probe (Chrono Boost)  
  118  8:34  Void Ray x3  
  131  8:39  Probe  
  132  8:52  Probe (Chrono Boost)  
  133  9:01  Probe (Chrono Boost)  
  147  9:11  Probe (Chrono Boost)  
  147  9:12  Void Ray x3  
  147  9:16  Probe (Chrono Boost)  
  148  9:27  Probe  
  149  9:39  Probe  
  162  9:48  Void Ray x2  
  162  9:49  Void Ray  
  162  9:51  Probe  
  163  10:03  Probe  
  164  10:16  Probe  
  189  10:44  Void Ray x3  
  189  10:45  Void Ray x3  
  189  10:48  Robotics Facility  
  189  10:49  Robotics Facility  
  189  10:51  Robotics Facility  
  189  10:52  Robotics Facility  
  189  10:58  Pylon  
  189  11:00  Pylon  
  189  11:03  Pylon  
  189  11:04  Pylon  
  189  11:07  Stargate  
  189  11:08  Stargate  
  189  12:00  Observer x2  
  189  12:01  Observer  
  200  12:03  Void Ray x2  
  200  12:09  Robotics Facility  
  200  12:10  Robotics Facility  
  200  12:15  Robotics Facility  
  200  12:22  Robotics Bay  
  200  12:32  Forge  
  200  12:34  Forge  
  200  12:42  Twilight Council  
  200  12:50  Protoss Air Armor Level 2 (Chrono Boost)  
  200  12:52  Protoss Air Weapons Level 3 (Chrono Boost)  
  200  13:11  Gravitic Boosters  
  200  14:08  Gravitic Drive  
  200  14:28  Protoss Ground Armor Level 1, Protoss Ground Weapons Level 1  
  200  14:31  Protoss Shields Level 2  
  200  14:34  Blink  
  200  15:05  Extended Thermal Lance  
  200  16:06  Stargate  
  200  16:22  Stargate x2  
  200  16:23  Stargate  
  200  16:25  Stargate  
  200  16:28  Stargate  
  200  16:29  Stargate  
  200  16:30  Stargate  
  200  16:52  Protoss Ground Armor Level 2  
  200  16:53  Protoss Ground Weapons Level 2, Protoss Shields Level 3  
  200  17:20  Protoss Air Armor Level 3 (Chrono Boost)  
  200  17:23  Stargate x2  
  200  17:24  Stargate  
  200  17:25  Stargate  
  200  17:26  Stargate  
  200  17:27  Stargate  
  200  17:28  Stargate  
  200  17:29  Stargate  
  200  17:30  Stargate  
  200  17:34  Pylon x2  
  200  17:36  Pylon  
  200  17:41  Templar Archives  
  200  17:47  Dark Shrine  
  200  17:54  Gateway  
  200  17:56  Gateway  
  200  17:57  Gateway  
  200  17:59  Gateway  
  200  18:01  Gateway  
  200  18:02  Gateway  
  200  18:04  Gateway  
  200  18:05  Gateway  
  200  18:07  Gateway  
  200  18:09  Gateway  
  200  18:11  Gateway  
  200  18:12  Gateway  
  200  18:14  Gateway  
  200  19:47  Observer  
  200  21:06  Protoss Ground Armor Level 3, Protoss Ground Weapons Level 3  
  200  21:09  Charge  
  200  21:21  Pylon  
  200  21:22  Pylon  
  200  21:27  Pylon  
  200  21:28  Pylon  
  200  21:29  Pylon  
  200  21:30  Pylon  
  200  21:42  Pylon  
  200  21:44  Pylon  
  200  21:48  Pylon  
  200  21:52  Pylon  
  200  21:56  Pylon  
  200  21:59  Pylon  
  200  24:03  Psionic Storm  
  200  24:04  Shadow Stride  
  200  24:14  Stargate x2  
  200  24:17  Stargate  
  200  24:20  Stargate  
  200  24:21  Stargate  
  200  24:23  Stargate  
  200  24:25  Stargate  
  200  24:26  Gateway  
  200  24:27  Gateway  
  200  24:33  Gateway  
  200  24:34  Gateway  
  200  24:36  Gateway  
  200  24:41  Gateway  
  200  24:43  Gateway  
  200  24:51  Gateway x2  
  200  24:53  Gateway  
  200  30:46  Observer  
  200  34:28  Pylon x2  
  200  34:30  Pylon  
  200  34:31  Pylon  
  200  34:32  Pylon  
  200  34:33  Pylon  
  200  34:35  Pylon  
  200  34:36  Pylon  
  200  34:37  Pylon  
  200  34:39  Pylon  
  200  34:40  Pylon  
  200  36:06  Pylon x2  
  200  36:08  Pylon  
  200  36:09  Pylon  
  200  36:11  Pylon  
  200  36:12  Pylon  
  200  36:13  Pylon  
  200  36:14  Pylon  
  200  36:15  Pylon  
  200  36:17  Pylon  
  200  36:18  Pylon  
  200  36:19  Pylon  
  200  36:45  Pylon  
  200  36:47  Pylon  
  200  36:49  Pylon  
  200  36:50  Pylon  
  200  36:51  Pylon  
  200  36:52  Pylon  
  200  36:55  Pylon x2  
  200  37:05  Pylon  
  200  37:06  Pylon  
  200  37:07  Pylon  
  200  37:09  Pylon  
  200  37:10  Pylon  
  200  37:29  Photon Cannon x2  
  200  37:31  Photon Cannon  
  200  37:32  Photon Cannon  
  200  37:33  Photon Cannon  
  200  37:35  Photon Cannon  
  200  37:36  Photon Cannon  
  200  37:37  Photon Cannon  
  200  37:38  Photon Cannon  
  200  37:40  Photon Cannon  
  200  37:41  Photon Cannon  
  200  37:42  Photon Cannon  
  200  37:43  Photon Cannon  
  200  37:45  Photon Cannon  
  200  37:46  Photon Cannon  
  200  37:48  Photon Cannon  
  200  37:49  Photon Cannon  
  200  37:51  Photon Cannon  
  200  37:52  Photon Cannon  
  200  37:53  Photon Cannon  
  200  37:54  Photon Cannon  
  200  37:55  Photon Cannon  
  200  37:56  Photon Cannon  
  200  37:58  Photon Cannon  
  200  37:59  Photon Cannon  
  200  38:00  Photon Cannon  
  200  38:01  Photon Cannon  
  200  38:02  Photon Cannon  
  200  38:04  Photon Cannon  
  200  38:12  Photon Cannon x2  
  200  38:14  Photon Cannon  
  200  38:17  Photon Cannon  
  200  38:18  Photon Cannon  
  200  38:20  Photon Cannon  
  200  38:44  Photon Cannon  
  200  38:46  Photon Cannon  
  200  38:47  Photon Cannon  
  200  38:49  Photon Cannon  
  200  38:50  Photon Cannon  
  200  38:51  Photon Cannon  
  200  38:52  Photon Cannon  
  200  38:53  Photon Cannon  
  200  38:54  Photon Cannon  
  200  38:56  Photon Cannon  
  200  38:57  Photon Cannon  
  200  38:58  Photon Cannon  
  200  38:59  Photon Cannon  
  200  39:01  Photon Cannon  
  200  39:02  Photon Cannon  
  200  39:03  Photon Cannon  
  200  39:04  Photon Cannon  
  200  39:08  Photon Cannon  
  200  39:09  Photon Cannon  
  200  39:10  Photon Cannon  
  200  39:11  Photon Cannon  
  200  39:12  Photon Cannon x2  
  200  39:14  Photon Cannon  
  200  39:16  Photon Cannon  
  200  39:17  Photon Cannon  
  200  39:18  Photon Cannon  
  200  39:19  Photon Cannon  
  200  39:20  Photon Cannon  
  200  39:22  Photon Cannon  
  200  39:27  Photon Cannon  
  200  39:47  Photon Cannon  
  200  39:50  Photon Cannon  
  200  39:51  Photon Cannon  
  200  39:52  Photon Cannon  
  200  39:54  Photon Cannon  
  200  39:55  Photon Cannon  
  200  39:56  Photon Cannon  
  200  39:57  Photon Cannon  
  200  39:58  Photon Cannon  
  200  40:00  Photon Cannon  
  200  40:01  Photon Cannon  
  200  40:02  Photon Cannon  
  200  40:03  Photon Cannon  
  200  40:05  Photon Cannon  
  200  40:06  Photon Cannon  
  200  40:20  Photon Cannon  
  200  40:37  Shield Battery x2  
  200  40:38  Shield Battery  
  200  40:40  Shield Battery  
  200  40:41  Shield Battery  
  200  40:42  Shield Battery  
  200  40:43  Shield Battery  
  200  40:45  Shield Battery  
  200  40:46  Shield Battery  
  200  40:47  Shield Battery  
  200  40:48  Shield Battery  
  200  40:50  Shield Battery  
  200  40:51  Shield Battery  
  200  40:52  Shield Battery  
  200  40:53  Shield Battery  
  200  40:54  Shield Battery  
  200  40:55  Shield Battery  
  200  40:57  Shield Battery  
  200  40:58  Shield Battery  
  200  40:59  Shield Battery  
  200  41:00  Shield Battery  
  200  41:02  Shield Battery  
  200  41:03  Shield Battery  
  200  41:04  Shield Battery  
  200  41:05  Shield Battery  
  200  41:07  Shield Battery  
  200  41:08  Shield Battery  
  200  41:09  Shield Battery  
  200  41:10  Shield Battery  
  200  41:11  Shield Battery  
  200  41:12  Shield Battery  
  200  41:14  Shield Battery  
  200  41:15  Shield Battery  
  200  41:16  Shield Battery  
  200  41:17  Shield Battery  
  200  41:19  Shield Battery  
  200  41:20  Pylon  
  200  41:21  Pylon  
  200  41:22  Pylon  
  200  41:24  Pylon  
  200  41:25  Pylon  
  200  41:26  Pylon  
  200  41:57  Shield Battery x2  
  200  41:59  Shield Battery  
  200  42:00  Shield Battery  
  200  42:02  Shield Battery  
  200  42:03  Shield Battery  
  200  42:07  Pylon  
  200  42:08  Pylon  
  200  42:09  Pylon  
  200  42:11  Pylon  
  200  42:13  Pylon  
  200  42:15  Pylon  
  200  42:17  Pylon  
  200  42:18  Pylon  
  200  42:20  Pylon  
  200  43:28  Shield Battery  
  200  43:29  Shield Battery  
  200  43:30  Shield Battery  
  200  43:32  Shield Battery  
  200  43:34  Shield Battery  
  200  43:35  Shield Battery  
  200  43:37  Shield Battery x2  
  200  43:40  Shield Battery  
  200  43:42  Shield Battery  
  200  43:43  Shield Battery  
  200  43:45  Shield Battery  
  200  43:46  Shield Battery  
  200  44:34  Photon Cannon x2  
  200  44:36  Photon Cannon  
  200  44:37  Photon Cannon  
  200  44:38  Photon Cannon  
  200  44:40  Photon Cannon  
  200  44:41  Photon Cannon  
  200  44:42  Photon Cannon  
  200  44:47  Photon Cannon x2  
  200  44:49  Photon Cannon  
  200  44:50  Photon Cannon  
  200  44:52  Photon Cannon  
  200  44:53  Photon Cannon  
  200  44:54  Photon Cannon  
  200  44:55  Photon Cannon  
  200  44:56  Photon Cannon  
  200  44:59  Photon Cannon x2  
  200  45:01  Photon Cannon  
  200  45:02  Photon Cannon  
  200  45:03  Photon Cannon  
  200  45:05  Photon Cannon  
  200  45:06  Photon Cannon x2  
  200  45:08  Photon Cannon  
  200  45:10  Photon Cannon x2  
  200  45:12  Photon Cannon  
  200  45:14  Photon Cannon x2  
  200  45:16  Photon Cannon x2  
  200  45:18  Photon Cannon  
  200  45:20  Photon Cannon  
  200  45:22  Photon Cannon x2  
  163  51:18  Observer  
  163  51:19  Observer x3  
  163  51:20  Observer  
  197  51:37  Void Ray x5  
  197  51:38  Void Ray x2  
  200  51:43  Void Ray  
  196  61:32  Observer  
  196  61:33  Observer x3  
  200  64:26  Void Ray  
  200  64:27  Void Ray x3  
  200  64:28  Void Ray x2  
  200  64:29  Void Ray  
  200  64:30  Void Ray  
  200  66:55  Observer  
  200  78:31  Pylon x2  
  200  78:52  Fleet Beacon  
  200  78:56  Cybernetics Core, Twilight Council  
  200  79:09  Twilight Council  
  200  79:56  Dark Shrine  
  200  80:00  Templar Archives  
  200  81:14  Resonating Glaives  
  200  82:46  Unknown  
  200  83:06  Gateway  
  200  83:08  Gateway  
  200  83:13  Gateway  
  200  83:17  Gateway  
  200  83:21  Gateway  
  200  83:23  Gateway  
  200  83:35  Pylon  
  200  83:39  Pylon  
  200  83:42  Pylon  
  153  86:10  Void Ray  
  153  86:11  Void Ray x12  
  195  87:08  Void Ray  
  195  87:09  Void Ray x5  
  195  87:10  Void Ray x6  
  195  87:11  Void Ray x4  
  195  87:12  Void Ray x2  
  195  87:13  Void Ray x6  
  195  87:14  Void Ray x4  
  199  87:26  Stargate  
  199  87:27  Stargate  
  199  87:29  Stargate  
  199  87:30  Stargate  
  199  87:32  Stargate  
  199  87:34  Stargate  
  199  87:35  Stargate  
  199  87:37  Stargate  
  199  87:39  Stargate  
  199  87:40  Stargate  
  199  87:42  Stargate  
  199  87:44  Stargate  
  199  87:45  Stargate  
  199  87:47  Stargate  
  199  87:48  Stargate  
  199  87:50  Stargate  
  151  88:31  Void Ray x2  
  151  88:32  Void Ray x6  
  151  88:33  Void Ray x5  
  151  88:34  Void Ray x3  
  199  88:35  Void Ray x3  
  199  88:36  Void Ray x5  
  199  88:37  Void Ray x3  
  167  88:54  Void Ray x4  
  167  88:55  Void Ray x4  
  199  88:56  Void Ray x2  
  199  89:05  Observer (Chrono Boost)  
  168  91:30  Void Ray x2  
  168  91:31  Void Ray x5  
  168  91:32  Void Ray x6  
  200  91:33  Void Ray  
  180  91:55  Void Ray x5  
  180  91:56  Void Ray x5  
  180  91:57  Void Ray x2  
  180  91:58  Void Ray x4  
  180  91:59  Void Ray x6  
  180  92:00  Void Ray x4  
  180  92:01  Void Ray x2  
  200  92:29  Observer (Chrono Boost)  
  197  92:35  Observer  
  197  92:42  Observer (Chrono Boost)  
  198  92:55  Observer  
  199  93:12  Observer  
  200  93:30  Observer  
  200  94:00  Nexus  
  184  95:25  Void Ray x3  
  184  95:26  Void Ray x5  
  184  95:27  Void Ray x6  
  184  95:28  Void Ray  
  192  96:56  Void Ray x2  
  192  96:57  Void Ray x6  
  192  96:58  Void Ray x2  
  181  97:30  Void Ray x6  
  181  97:31  Void Ray x5  
  181  97:32  Void Ray x3  
  200  97:44  Void Ray  
  200  97:45  Void Ray x13  
  200  97:46  Void Ray  
  200  97:47  Void Ray  
  200  97:48  Void Ray x2  
  180  98:03  Stalker  
  180  98:04  Stalker x3  
  180  98:05  Stalker x6  
  176  98:06  Stalker x2  
  176  98:07  Stalker x3  
  176  98:08  Stalker  
  196  98:13  Void Ray  
  158  98:36  Void Ray x3  
  158  98:37  Void Ray x6  
  158  98:38  Void Ray x3  
  158  98:40  Stalker, Void Ray x2  
  158  98:41  Stalker x2, Void Ray  
  190  98:42  Stalker x5, Void Ray x5  
  190  98:43  Stalker x3, Void Ray x5  
  190  98:44  Void Ray x2  
  154  99:13  Void Ray  
  154  99:15  Void Ray  
  137  99:32  Void Ray x3  
  137  99:33  Void Ray x6  
Show
View Real Time Build Order
Export as new Build Order

MiCrO Zerg 

Build Orders:  

Get SALT Encoding   

Show
View Real Time Build Order
Export as new Build Order

Psyduck Protoss 

Build Orders: 1 Gate Expand 

Get SALT Encoding   

  12  0:33  Probe  
  13  0:36  Pylon  
  13  0:45  Probe  
  14  0:57  Probe  
  14  0:58  Gateway  
  14  1:01  Assimilator  
  15  1:05  Assimilator  
  15  1:07  Nexus  
  15  1:08  Pylon  
  15  1:09  Probe  
  16  1:13  Assimilator  
  16  1:15  Assimilator  
  16  1:21  Probe  
  17  1:33  Probe  
  18  1:45  Probe  
  18  1:46  Cybernetics Core  
  19  2:01  Probe  
  20  2:13  Probe  
  21  2:24  Stargate  
  21  2:26  Stargate  
  21  2:28  Probe (Chrono Boost)  
  23  2:38  Probe (Chrono Boost)  
  23  2:43  Probe (Chrono Boost)  
  24  2:52  Probe, Pylon  
  24  2:54  Probe, Pylon  
  26  3:04  Probe  
  27  3:06  Probe  
  27  3:11  Void Ray (Chrono Boost)  
  27  3:12  Void Ray (Chrono Boost)  
  36  3:19  Probe  
  37  3:38  Probe  
  38  3:50  Probe  
  38  3:55  Nexus  
  39  4:07  Unknown  
  39  4:12  Warp Gate  
  39  4:17  Stargate  
  39  4:20  Stargate  
  39  4:23  Pylon  
  39  4:35  Gateway  
  39  4:37  Gateway  
  39  4:38  Gateway  
  39  4:40  Pylon  
  39  4:41  Probe (Chrono Boost)  
  40  4:50  Probe (Chrono Boost)  
  41  4:54  Pylon  
  41  4:55  Probe (Chrono Boost)  
  41  4:56  Pylon  
  42  5:01  Twilight Council  
  42  5:07  Probe  
  42  5:09  Probe  
  45  5:21  Probe (Chrono Boost)  
  45  5:26  Probe (Chrono Boost)  
  46  5:34  Fleet Beacon  
  47  5:35  Probe (Chrono Boost)  
  47  5:36  Robotics Facility  
  47  5:38  Blink  
  47  5:40  Probe (Chrono Boost)  
  48  5:47  Dark Shrine  
  48  5:52  Probe  
  49  6:04  Probe  
  49  6:07  Pylon  
  49  6:08  Pylon  
  49  6:10  Pylon  
  50  6:11  Gateway  
  50  6:13  Gateway  
  50  6:15  Pylon  
  50  6:16  Probe (Chrono Boost)  
  51  6:28  Probe (Chrono Boost)  
  51  6:30  Gateway  
  52  6:33  Probe (Chrono Boost), Stargate x2  
  53  6:43  Probe  
  54  6:53  Stalker x4  
  62  6:55  Probe  
  62  6:59  Probe  
  64  7:03  Phoenix x2  
  68  7:11  Probe  
  68  7:13  Templar Archives  
  69  7:18  Phoenix x2  
  73  7:23  Probe  
  73  7:25  Stalker x4  
  82  7:35  Probe  
  83  7:38  Probe  
  83  7:42  Phoenix x2  
  88  7:44  Stalker x2, Pylon  
  92  7:56  Pylon  
  92  8:00  Pylon  
  92  8:04  Psionic Storm  
  92  8:07  High Templar x2  
  92  8:08  High Templar x2  
  92  8:09  High Templar x2  
  104  8:15  Carrier  
  104  8:16  Carrier  
  104  8:19  Anion Pulse-Crystals  
  116  8:37  Charge  
  116  8:44  Carrier  
  122  9:05  Zealot  
  122  9:06  Zealot x3  
  122  9:07  Zealot x3  
  136  9:19  Pylon  
  136  9:22  Pylon  
  136  9:27  Pylon  
  136  9:34  Pylon  
  136  9:36  Pylon  
  136  9:37  Observer  
  137  9:42  Carrier  
  143  9:56  Cybernetics Core  
  143  10:07  Forge  
  143  10:08  Forge  
  143  10:09  Forge  
  143  10:17  Protoss Air Weapons Level 1  
  143  10:36  Stargate  
  143  10:38  Stargate  
  143  10:39  Stargate  
  143  10:40  Stargate  
  143  10:45  Gateway  
  143  10:47  Gateway, Protoss Air Armor Level 1  
  143  10:48  Gateway x2  
  143  10:51  Pylon  
  143  10:52  Pylon  
  143  10:53  Pylon  
  143  10:57  Pylon  
  143  10:58  Gateway  
  143  11:04  Stargate  
  143  11:05  Stargate  
  167  11:48  Void Ray x3  
  167  11:49  Void Ray x2  
  167  11:51  Void Ray  
  167  12:00  Gateway  
  167  12:01  Gateway x2  
  167  12:04  Gateway  
  167  12:05  Gateway  
  167  12:09  Stargate  
  167  12:10  Stargate  
  167  12:11  Stargate  
  167  12:29  Protoss Ground Armor Level 1, Protoss Ground Weapons Level 1  
  167  12:30  Protoss Shields Level 1  
  167  12:40  Pylon x2  
  167  12:47  Flux Vanes  
  169  12:57  Tempest x2  
  177  12:59  Shadow Stride  
  177  13:00  Protoss Air Armor Level 2, Protoss Air Weapons Level 2  
  177  13:06  Archon x2  
  177  13:07  Archon  
  177  13:32  Tempest x3  
  177  13:33  Tempest  
  183  13:53  Tempest x2  
  183  13:54  Tempest  
  198  13:55  Phoenix  
  200  15:24  Unknown  
  200  17:24  Protoss Ground Weapons Level 2  
  200  17:25  Protoss Ground Armor Level 2, Protoss Shields Level 2  
  200  17:44  Protoss Air Weapons Level 3, Protoss Air Armor Level 3  
  200  20:31  Protoss Ground Armor Level 3, Protoss Shields Level 3, Protoss Ground Weapons Level 3  
  183  23:06  Stalker x3  
  183  23:07  Stalker x4  
  183  23:08  Stalker x3  
  175  23:22  Stalker x3  
  141  24:29  Pylon  
  141  24:30  Pylon  
  141  24:31  Pylon  
  141  24:32  Pylon  
  141  24:34  Pylon  
  141  24:35  Pylon  
  141  24:56  Gateway  
  141  24:57  Gateway  
  141  25:08  Stargate  
  141  25:09  Stargate  
  141  25:10  Stargate  
  141  25:11  Stargate  
  141  25:15  Pylon  
  141  25:16  Pylon  
  141  25:30  Photon Cannon x2  
  141  25:32  Photon Cannon  
  141  25:33  Photon Cannon  
  141  25:35  Photon Cannon  
  141  25:37  Photon Cannon  
  141  25:41  Photon Cannon  
  141  25:43  Photon Cannon  
  141  25:45  Photon Cannon  
  141  25:47  Photon Cannon  
  141  25:49  Photon Cannon  
  141  25:50  Photon Cannon  
  141  25:51  Photon Cannon  
  141  26:00  Photon Cannon  
  141  26:01  Photon Cannon  
  141  26:03  Photon Cannon  
  141  26:06  Photon Cannon  
  141  26:10  Photon Cannon x2  
  141  26:14  Photon Cannon  
  141  26:16  Photon Cannon  
  141  26:18  Photon Cannon  
  141  26:20  Photon Cannon  
  141  26:22  Photon Cannon  
  141  26:26  Photon Cannon  
  141  26:27  Photon Cannon  
  141  26:29  Photon Cannon  
  141  26:31  Photon Cannon  
  141  26:36  Photon Cannon x2  
  141  26:38  Photon Cannon  
  141  26:40  Photon Cannon  
  141  26:43  Photon Cannon  
  141  26:45  Photon Cannon  
  141  26:48  Pylon  
  141  26:50  Pylon  
  141  26:52  Pylon  
  141  26:54  Pylon  
  141  26:58  Pylon  
  141  27:02  Carrier x6  
  141  27:03  Carrier x2  
  141  27:04  Carrier x2  
  201  27:11  Pylon  
  201  27:22  Pylon  
  201  27:42  Photon Cannon  
  201  27:44  Photon Cannon  
  201  27:47  Shield Battery  
  201  27:51  Shield Battery  
  201  27:53  Photon Cannon  
  201  27:55  Photon Cannon  
  201  28:05  Photon Cannon  
  201  28:06  Photon Cannon  
  201  28:07  Photon Cannon  
  201  28:11  Photon Cannon  
  201  28:12  Photon Cannon  
  201  28:13  Photon Cannon  
  201  28:17  Photon Cannon  
  201  28:18  Photon Cannon  
  201  28:20  Pylon  
  201  28:22  Photon Cannon x2  
  201  28:24  Photon Cannon  
  201  28:25  Pylon  
  201  28:33  Shield Battery  
  201  28:35  Shield Battery  
  201  28:36  Photon Cannon  
  201  28:37  Photon Cannon  
  201  28:38  Shield Battery, Photon Cannon  
  201  28:40  Shield Battery  
  201  28:41  Photon Cannon  
  201  28:44  Photon Cannon  
  201  28:45  Shield Battery  
  201  28:46  Photon Cannon  
  201  28:48  Photon Cannon  
  201  28:49  Photon Cannon  
  201  28:51  Photon Cannon  
  201  28:58  Shield Battery  
  201  28:59  Photon Cannon  
  201  29:01  Shield Battery, Photon Cannon  
  201  29:03  Photon Cannon  
  201  29:06  Photon Cannon x2  
  201  29:08  Photon Cannon  
  201  29:09  Photon Cannon  
  201  29:15  Photon Cannon  
  201  29:17  Photon Cannon  
  201  29:18  Photon Cannon  
  201  29:20  Photon Cannon  
  201  29:21  Photon Cannon  
  201  29:23  Photon Cannon  
  201  29:24  Photon Cannon  
  201  29:26  Photon Cannon  
  201  29:30  Photon Cannon  
  201  29:31  Photon Cannon  
  201  29:35  Photon Cannon  
  201  29:36  Photon Cannon  
  201  29:38  Photon Cannon  
  201  29:42  Photon Cannon  
  201  29:43  Photon Cannon  
  201  29:50  Shield Battery  
  201  29:51  Photon Cannon  
  201  29:52  Photon Cannon  
  201  29:58  Photon Cannon  
  201  30:01  Photon Cannon  
  201  30:03  Photon Cannon  
  201  30:05  Photon Cannon  
  201  30:14  Photon Cannon  
  201  30:16  Photon Cannon  
  201  30:18  Photon Cannon  
  201  30:21  Photon Cannon  
  201  30:22  Shield Battery  
  201  30:24  Shield Battery, Photon Cannon  
  201  30:27  Photon Cannon  
  201  30:28  Photon Cannon  
  201  30:30  Photon Cannon  
  201  30:31  Shield Battery  
  201  30:34  Shield Battery  
  201  30:35  Photon Cannon  
  201  30:37  Photon Cannon  
  201  30:38  Photon Cannon  
  201  30:39  Shield Battery  
  201  30:41  Photon Cannon  
  201  30:42  Photon Cannon  
  201  30:43  Pylon  
  201  30:45  Photon Cannon  
  201  30:46  Photon Cannon  
  201  30:48  Shield Battery  
  201  30:49  Photon Cannon  
  201  30:51  Photon Cannon  
  201  30:53  Photon Cannon  
  201  30:55  Photon Cannon  
  201  30:58  Photon Cannon  
  201  31:00  Photon Cannon  
  201  31:03  Pylon  
  201  31:04  Photon Cannon  
  201  31:06  Photon Cannon  
  201  31:10  Photon Cannon  
  201  31:11  Photon Cannon  
  201  31:29  Photon Cannon  
  201  31:31  Shield Battery, Photon Cannon  
  201  31:33  Photon Cannon  
  201  31:36  Shield Battery  
  201  31:38  Photon Cannon  
  201  31:40  Photon Cannon  
  201  31:41  Photon Cannon  
  201  31:42  Photon Cannon  
  201  31:45  Shield Battery, Photon Cannon  
  201  31:46  Photon Cannon  
  201  31:48  Shield Battery  
  201  31:50  Photon Cannon  
  201  31:51  Photon Cannon  
  201  31:53  Photon Cannon  
  201  31:54  Shield Battery  
  201  31:55  Photon Cannon  
  201  31:59  Photon Cannon  
  201  32:00  Photon Cannon  
  201  32:02  Photon Cannon  
  201  32:05  Photon Cannon  
  201  32:07  Shield Battery  
  201  32:08  Pylon  
  201  32:09  Photon Cannon  
  201  32:11  Photon Cannon  
  201  32:12  Photon Cannon  
  201  32:16  Photon Cannon  
  201  32:17  Photon Cannon  
  201  32:20  Photon Cannon  
  200  33:43  Photon Cannon  
  200  33:44  Photon Cannon  
  200  33:48  Stargate  
  200  33:50  Stargate  
  200  33:55  Stargate  
  200  33:57  Photon Cannon  
  200  33:58  Photon Cannon  
  200  33:59  Photon Cannon  
  200  34:00  Photon Cannon  
  200  34:05  Photon Cannon x2  
  200  34:08  Pylon  
  200  34:11  Stargate  
  200  34:14  Pylon  
  200  34:18  Pylon  
  200  34:22  Pylon  
  200  34:24  Pylon  
  200  35:14  Pylon  
  200  35:17  Pylon  
  200  35:19  Pylon  
  200  37:35  Stargate  
  200  37:36  Stargate  
  200  37:38  Fleet Beacon  
  200  37:43  Dark Shrine  
  200  37:48  Gateway  
  200  37:49  Gateway  
  200  37:50  Photon Cannon  
  200  37:51  Photon Cannon  
  200  37:55  Photon Cannon  
  200  37:56  Photon Cannon  
  200  37:58  Photon Cannon  
  200  38:02  Photon Cannon  
  200  38:05  Photon Cannon  
  200  38:06  Photon Cannon  
  200  38:08  Photon Cannon  
  200  38:10  Photon Cannon  
  200  38:12  Stargate  
  200  38:14  Stargate  
  200  38:17  Stargate  
  200  38:20  Photon Cannon  
  200  38:22  Pylon  
  200  38:23  Photon Cannon  
  200  38:25  Photon Cannon  
  200  38:26  Photon Cannon  
  200  38:28  Photon Cannon  
  200  38:29  Photon Cannon  
  200  38:32  Shield Battery x2  
  200  38:34  Photon Cannon  
  200  38:36  Shield Battery  
  200  38:37  Photon Cannon  
  200  38:38  Photon Cannon  
  200  38:45  Photon Cannon  
  200  38:46  Photon Cannon  
  200  38:47  Photon Cannon  
  200  38:49  Photon Cannon  
  200  38:53  Pylon  
  200  38:54  Pylon  
  200  39:14  Pylon  
  200  39:15  Photon Cannon  
  200  39:16  Photon Cannon  
  200  39:17  Photon Cannon  
  200  39:19  Photon Cannon  
  200  39:22  Photon Cannon x2  
  200  39:24  Photon Cannon  
  200  39:26  Photon Cannon  
  200  39:27  Photon Cannon  
  200  39:28  Photon Cannon  
  200  39:30  Photon Cannon  
  200  39:36  Shield Battery  
  200  39:37  Shield Battery  
  200  39:39  Photon Cannon  
  200  39:41  Photon Cannon  
  200  39:43  Shield Battery  
  200  39:44  Shield Battery  
  200  39:45  Photon Cannon  
  200  39:47  Photon Cannon  
  200  39:49  Photon Cannon  
  200  39:50  Photon Cannon  
  200  39:51  Photon Cannon  
  200  39:52  Pylon  
  200  39:56  Pylon  
  200  39:57  Pylon  
  200  40:12  Photon Cannon  
  200  40:15  Pylon  
  200  40:16  Photon Cannon  
  200  40:17  Photon Cannon  
  200  40:19  Shield Battery  
  200  40:20  Shield Battery  
  200  40:22  Photon Cannon  
  200  40:23  Shield Battery  
  200  40:24  Photon Cannon  
  200  40:27  Photon Cannon x2  
  200  40:28  Shield Battery  
  200  40:32  Shield Battery  
  200  40:33  Photon Cannon  
  200  40:35  Photon Cannon x2  
  200  40:38  Pylon  
  200  41:43  Observer  
  201  42:01  Observer  
  176  47:43  Carrier x3  
  187  47:44  Carrier  
  187  47:45  Carrier  
  175  48:47  Tempest  
  192  48:48  Tempest  
  192  48:51  Void Ray x3  
  187  51:35  Tempest  
  187  51:36  Tempest  
  185  52:20  Carrier  
  185  52:21  Carrier  
  185  61:35  Tempest x2  
  185  61:36  Tempest  
  190  61:56  Tempest x2  
  170  62:37  Tempest x3  
  170  62:38  Tempest x2  
  170  62:39  Tempest  
  137  63:41  Tempest  
  137  63:42  Tempest x4  
  137  63:43  Tempest x3  
  137  63:44  Tempest  
  182  64:24  Tempest x2  
  182  64:29  Tempest  
  191  74:00  Tempest  
  196  74:09  Void Ray  
  128  81:04  Tempest x2  
  128  81:05  Tempest x6  
  128  81:06  Tempest x2  
  128  81:07  Tempest x2  
  128  81:08  Tempest  
  193  81:25  Tempest  
  188  82:15  Tempest x2  
  153  87:28  Tempest x2  
  120  87:30  Carrier x6  
  120  87:31  Carrier x5  
  120  87:35  Carrier x3  
  120  87:36  Carrier  
  99  91:22  Dark Templar x4  
  99  91:23  Dark Templar x6  
  99  91:24  Dark Templar x5  
  99  91:25  Dark Templar x2  
  81  91:28  Tempest x5  
  81  91:29  Tempest x3  
  81  91:30  Tempest  
  126  91:34  Carrier x6  
  126  91:35  Carrier x2  
  126  91:36  Carrier  
  126  91:37  Carrier x2  
  113  93:47  High Templar  
  85  93:48  Dark Templar x2  
  85  93:49  Dark Templar x6  
  85  93:50  Dark Templar x5  
  85  93:51  Dark Templar x3  
  85  93:55  Carrier x4  
  116  93:56  Carrier x6  
  116  93:57  Carrier x3  
  168  94:22  Archon x3  
  168  94:23  Archon x3  
  168  94:24  Archon x2  
  162  94:27  Dark Templar x2  
  162  94:28  Dark Templar x5  
  162  94:29  Dark Templar x4  
  162  94:30  Dark Templar x4  
  192  94:31  Dark Templar x2  
  184  94:59  Archon x4  
  176  95:00  Archon x4  
  176  95:25  Dark Templar x3  
  176  95:26  Dark Templar x5  
  176  95:27  Dark Templar x4  
  200  96:41  Tempest  
  200  96:42  Tempest x12  
  200  96:44  Carrier x9  
  319  96:49  Dark Templar  
  319  96:50  Dark Templar x6  
  319  96:51  Dark Templar x4  
  319  96:52  Dark Templar x3  
  319  96:53  Dark Templar x3  
  343  97:24  Tempest x7  
  343  97:25  Tempest x6  
  408  97:47  Archon x2  
  408  97:48  Carrier x6  
  440  97:51  Carrier  
  440  97:55  Carrier  
  440  97:56  Carrier  
  408  98:07  Tempest x6  
  394  98:36  Carrier x6  
  394  98:37  Carrier  
  418  98:50  Carrier  
  418  98:52  Carrier  
  418  98:53  Carrier x2  
  430  99:54  Carrier  
  430  99:57  Carrier  
  425  100:01  Carrier  
  425  100:04  Carrier  
Show
View Real Time Build Order
Export as new Build Order

Artic Zerg 

Build Orders: 1 Base Baneling Bust, Pool First 

Get SALT Encoding   

  12  0:36  Drone x2  
  14  0:45  Overlord, Extractor  
  13  0:50  Drone  
  13  0:54  Spawning Pool  
  13  0:57  Evolution Chamber  
  13  0:59  Drone  
  13  1:12  Drone  
  14  1:21  Drone  
  14  1:24  Zerg Ground Armor Level 1  
  15  1:33  Drone  
  16  1:45  Drone, Baneling Nest  
  16  1:50  Metabolic Boost  
  16  1:53  Drone  
  17  1:56  Queen  
  19  2:16  Drone x2  
  19  2:22  Hatchery  
  20  2:25  Evolution Chamber  
  19  2:30  Drone  
  20  2:41  Queen  
  20  2:43  Overlord  
  22  2:57  Extractor  
  21  3:00  Drone  
  22  3:15  Drone x2  
  24  3:22  Drone  
  24  3:23  Spine Crawler  
  24  3:37  Drone, Queen  
  24  3:40  Drone x2  
  29  3:41  Lair  
  29  3:49  Zerg Melee Weapons Level 1  
  29  3:54  Drone x2  
  29  3:55  Drone  
  32  3:58  Drone x2  
  34  4:03  Overlord  
  34  4:14  Drone  
  35  4:17  Drone  
  36  4:30  Zergling x2  
  37  4:42  Overlord  
  37  4:45  Drone x3  
  40  4:53  Drone x3  
  43  5:00  Baneling  
  43  5:01  Baneling  
  43  5:12  Zergling x6  
  43  5:13  Zergling x4  
  48  5:19  Drone  
  49  5:36  Drone x3  
  52  5:43  Zerg Ground Armor Level 2  
  52  5:49  Spire  
  51  5:53  Zergling x2  
  51  5:55  Overlord, Centrifugal Hooks  
  51  5:56  Overlord x2  
  52  6:04  Baneling x4  
  52  6:05  Baneling x6  
  52  6:12  Extractor x2  
  52  6:13  Spore Crawler  
  49  6:41  Zergling x4  
  49  6:42  Zergling x8  
  49  6:46  Zerg Melee Weapons Level 2  
  55  6:49  Drone x3  
  58  7:04  Zerg Flyer Weapons Level 1  
  58  7:08  Spire  
  57  7:09  Zergling x10  
  57  7:12  Zergling x6  
  65  7:31  Zergling x8  
  65  7:33  Overlord x2  
  65  7:34  Zergling x4  
  71  7:48  Zergling x4  
  73  7:52  Baneling x5  
  73  7:53  Baneling x7  
  73  7:54  Baneling x6  
  73  7:55  Baneling x5  
  73  7:56  Baneling x6  
  73  7:57  Baneling x2  
  74  8:12  Zergling x2  
  74  8:13  Zergling x4, Infestation Pit  
  74  8:15  Drone x4  
  79  8:23  Zerg Flyer Armor Level 1  
  79  8:47  Baneling x2  
  79  8:48  Baneling x7  
  79  8:49  Baneling x6  
  79  8:50  Baneling  
  79  8:54  Drone x5  
  79  8:55  Drone  
  85  9:01  Zerg Flyer Weapons Level 2  
  85  9:09  Baneling x4  
  85  9:10  Baneling  
  85  9:35  Corruptor  
  85  9:36  Corruptor x2  
  91  9:39  Overlord x6  
  91  10:26  Hive  
  91  10:27  Zerg Flyer Armor Level 2  
  91  10:30  Corruptor x3  
  91  10:32  Corruptor  
  99  10:58  Corruptor x2  
  103  11:08  Burrow  
  103  11:16  Overseer  
  103  11:52  Corruptor  
  103  11:53  Corruptor x3  
  111  11:55  Corruptor  
  113  12:23  Greater Spire  
  113  12:34  Corruptor x3  
  119  13:42  Corruptor  
  119  13:43  Corruptor x6  
  133  14:14  Spore Crawler  
  132  14:36  Corruptor x3  
  132  14:37  Corruptor  
  140  14:39  Overlord x3  
  140  14:40  Overlord x2  
  139  15:21  Corruptor x3  
  139  15:22  Corruptor x4  
  153  16:00  Zerg Flyer Armor Level 3  
  153  16:20  Corruptor x3  
  153  16:22  Overlord  
  153  16:23  Overlord x4  
  159  16:35  Hatchery  
  159  16:38  Hatchery  
  157  16:54  Corruptor x4  
  157  16:58  Overlord  
  157  16:59  Overlord x2  
  165  17:41  Zerg Flyer Weapons Level 3  
  165  17:57  Corruptor x4  
  173  18:01  Corruptor  
  175  18:56  Corruptor  
  175  18:57  Corruptor x5  
  187  19:18  Corruptor x2  
  191  20:02  Corruptor x4  
  199  20:41  Hatchery  
  198  20:45  Hatchery  
  197  22:11  Hatchery  
  196  22:43  Corruptor x2  
  200  23:01  Hatchery  
  199  23:06  Hatchery  
  198  25:04  Drone x2  
  200  25:14  Hatchery  
  200  26:10  Hatchery  
  199  26:59  Drone  
  200  28:09  Spine Crawler  
  199  28:13  Spine Crawler  
  199  28:14  Spine Crawler  
  199  28:15  Spine Crawler  
  199  28:16  Spine Crawler x4  
  199  28:17  Spine Crawler x3  
  199  28:19  Spine Crawler  
  188  28:20  Spine Crawler  
  188  28:22  Drone  
  188  28:23  Drone x4  
  188  28:24  Drone x7  
  188  28:25  Drone  
  200  28:51  Baneling x16  
  200  28:52  Spore Crawler, Baneling x48  
  200  28:53  Spine Crawler  
  198  29:03  Brood Lord  
  200  29:35  Spine Crawler  
  200  29:37  Spine Crawler x3  
  200  29:38  Spine Crawler  
  195  29:40  Spore Crawler  
  195  29:41  Spore Crawler x2  
  192  29:48  Spine Crawler  
  192  29:49  Spine Crawler x3  
  192  29:50  Spine Crawler  
  192  29:51  Spore Crawler  
  192  29:52  Spine Crawler  
  185  29:54  Spine Crawler  
  184  30:01  Brood Lord x7  
  184  30:02  Brood Lord  
  200  30:37  Zerg Ground Armor Level 3  
  200  30:41  Zerg Melee Weapons Level 3  
  200  30:59  Nydus Network  
  199  34:27  Drone  
  57  39:08  Zergling x8  
  57  39:09  Zergling x12  
  64  39:10  Zergling x12  
  64  39:11  Zergling x12  
  64  39:12  Zergling x12  
  74  39:24  Baneling x18  
  74  39:25  Spawning Pool  
  57  40:01  Drone x6  
  28  40:41  Hatchery  
  27  42:22  Hatchery  
Show
View Real Time Build Order
Export as new Build Order

Ghyslyn Zerg 

Build Orders: Pool First, Ravager All-In 

Get SALT Encoding   

  12  0:31  Drone  
  12  0:35  Spawning Pool  
  12  0:39  Drone x2  
  14  0:56  Hatchery  
  13  0:58  Overlord  
  13  1:00  Hatchery  
  13  1:01  Drone  
  13  1:13  Drone  
  14  1:23  Roach Warren  
  13  1:32  Overlord  
  13  2:03  Roach x3  
  19  2:12  Hatchery  
  19  2:13  Roach  
  19  2:15  Roach x2  
  24  2:20  Drone  
  25  2:23  Drone  
  25  2:24  Ravager  
  25  2:25  Ravager  
  25  2:27  Ravager  
  29  2:34  Ravager  
  30  2:41  Ravager x2  
  32  3:09  Drone  
  32  3:10  Drone x2  
  35  3:18  Hatchery  
  34  3:22  Drone x2  
  34  3:23  Drone  
  34  3:27  Unknown  
  36  3:32  Drone  
  36  3:33  Drone  
  38  3:36  Drone  
  38  3:40  Drone  
  40  3:46  Overlord  
  40  3:57  Overlord  
  40  4:00  Overlord  
  40  4:04  Overlord  
  40  4:08  Overlord  
  40  4:10  Drone  
  40  4:13  Drone  
  42  4:18  Drone x2  
  42  4:20  Drone  
  42  4:23  Drone  
  46  4:25  Drone  
  46  4:31  Drone x2  
  48  4:32  Drone  
  48  4:34  Drone  
  48  4:37  Drone  
  52  4:42  Drone x2  
  52  4:43  Drone  
  55  4:45  Extractor  
  55  4:46  Drone  
  55  4:50  Drone x2  
  55  4:51  Drone  
  58  4:53  Drone  
  58  4:55  Drone  
  60  5:21  Drone x3  
  61  5:22  Drone x5  
  61  5:23  Drone  
  61  5:27  Drone x2  
  61  5:28  Drone  
  72  5:29  Drone x2  
  72  5:30  Drone  
  72  5:34  Extractor  
  74  5:37  Lair  
  74  5:38  Metabolic Boost  
  74  5:41  Extractor  
  74  5:42  Extractor  
  72  5:45  Drone x5  
  72  5:46  Drone  
  72  5:49  Drone x3  
  81  5:51  Overlord  
  81  5:59  Drone  
  81  6:00  Drone  
  81  6:01  Drone  
  81  6:03  Drone  
  85  6:10  Pneumatized Carapace  
  85  6:24  Baneling Nest  
  84  6:26  Evolution Chamber  
  84  6:27  Evolution Chamber  
  84  6:31  Drone x8, Evolution Chamber  
  84  6:32  Drone x7  
  96  6:43  Overlord  
  96  6:44  Overlord  
  96  6:45  Overlord  
  96  6:47  Overlord  
  96  6:48  Overlord  
  96  7:05  Infestation Pit, Hydralisk Den  
  94  7:14  Hatchery  
  93  7:17  Hatchery x2  
  93  7:19  Hatchery  
  93  7:20  Hatchery, Spawning Pool  
  88  7:26  Zerg Ground Armor Level 1, Zerg Missile Weapons Level 1  
  88  7:27  Zerg Melee Weapons Level 1, Hatchery x2  
  88  7:28  Glial Reconstitution  
  86  7:30  Centrifugal Hooks  
  86  7:38  Drone  
  86  7:40  Spire  
  86  7:41  Overseer  
  86  7:44  Hive  
  86  7:45  Queen  
  88  7:52  Overlord  
  88  7:54  Overlord  
  88  7:55  Overlord  
  88  7:56  Overlord  
  88  7:58  Overlord  
  89  8:07  Spire  
  89  8:08  Spawning Pool  
  87  8:32  Queen  
  87  8:33  Queen x3  
  95  8:35  Queen  
  95  8:39  Drone  
  98  8:42  Grooved Spines  
  98  8:56  Drone x3  
  98  8:57  Adrenal Glands  
  98  9:02  Ultralisk Cavern  
  100  9:03  Lurker Den  
  99  9:24  Hatchery x2  
  99  9:29  Hatchery  
  96  9:31  Hatchery  
  96  9:32  Muscular Augments  
  95  9:42  Drone  
  95  9:43  Drone x2  
  95  9:45  Hatchery  
  97  10:08  Zerg Missile Weapons Level 2, Zerg Ground Armor Level 2, Zerg Melee Weapons Level 2  
  97  10:19  Zerg Flyer Armor Level 1, Zerg Flyer Weapons Level 1  
  97  10:35  Chitinous Plating  
  97  10:37  Viper x3  
  106  11:53  Anabolic Synthesis  
  106  12:13  Hatchery  
  106  12:14  Extractor  
  106  12:15  Extractor  
  103  12:57  Zerg Flyer Weapons Level 2, Zerg Flyer Armor Level 2  
  103  12:59  Zerg Melee Weapons Level 3, Zerg Ground Armor Level 3, Zerg Missile Weapons Level 3  
  103  14:45  Drone x3  
  106  14:46  Drone x3  
  106  14:47  Drone x4  
  106  14:48  Drone x11  
  106  14:49  Drone  
  125  14:53  Drone x3  
  128  17:52  Zerg Flyer Armor Level 3, Zerg Flyer Weapons Level 3  
  128  20:40  Greater Spire  
  128  20:41  Greater Spire  
  128  33:43  Drone x3  
  128  33:47  Extractor  
  130  33:48  Hatchery  
  130  33:50  Extractor  
  128  36:13  Drone x2  
  128  36:14  Drone  
  131  36:19  Drone x3  
  131  36:22  Drone  
  131  36:23  Drone x5  
  140  36:50  Drone  
  140  36:51  Drone x8  
  149  37:04  Drone  
  150  42:37  Unknown  
  149  45:43  Corruptor x5  
  149  45:44  Corruptor x20  
  199  45:54  Lair  
  190  45:59  Spawning Pool  
  174  46:14  Spore Crawler  
  174  46:16  Spore Crawler  
  172  46:19  Spore Crawler  
  172  46:20  Spore Crawler  
  172  46:21  Corruptor, Spore Crawler x2  
  172  46:22  Corruptor x14, Spore Crawler  
  172  46:23  Corruptor x5, Spore Crawler x2  
  182  46:39  Roach  
  182  46:40  Roach x9  
  200  47:00  Hive  
  198  47:14  Spore Crawler  
  195  47:16  Spore Crawler  
  195  47:17  Spore Crawler x3  
  195  47:20  Spore Crawler x3  
  195  47:21  Spore Crawler  
  187  47:31  Brood Lord x6  
  187  47:32  Spore Crawler x2  
  197  47:40  Spore Crawler  
  194  48:44  Spore Crawler  
  193  48:52  Spire x2  
  191  48:55  Ultralisk Cavern  
  191  48:56  Hydralisk Den  
  191  48:58  Baneling Nest  
  191  49:00  Roach Warren  
  191  49:01  Infestation Pit  
  186  49:03  Drone x3  
  186  49:04  Hydralisk Den  
  186  49:05  Drone x11  
  186  49:06  Drone  
  200  49:10  Hatchery  
  199  49:22  Extractor  
  199  49:23  Hatchery  
  197  49:32  Extractor  
  196  50:29  Overlord  
  196  50:46  Greater Spire x2  
  196  50:50  Spire  
  196  50:53  Ultralisk Cavern  
  196  50:56  Hydralisk Den  
  193  51:18  Lair  
  193  51:20  Lair  
  193  51:21  Drone  
  193  51:22  Drone x2  
  196  51:26  Drone x2  
  198  52:30  Spore Crawler x2  
  198  52:31  Spore Crawler  
  198  52:35  Spore Crawler  
  198  52:36  Spore Crawler  
  193  52:37  Spore Crawler  
  193  52:38  Spore Crawler  
  191  53:30  Overlord  
  191  53:40  Hatchery  
  190  54:14  Drone x9  
  190  54:15  Drone  
  200  54:35  Hive  
  200  54:42  Spawning Pool  
  200  54:43  Spire  
  200  54:45  Ultralisk Cavern  
  197  54:46  Roach Warren, Hydralisk Den, Baneling Nest  
  197  54:47  Infestation Pit  
  193  54:53  Spore Crawler x2  
  193  54:54  Spore Crawler x4  
  193  54:55  Spore Crawler x2  
  193  54:56  Spore Crawler  
  193  54:57  Spore Crawler  
  193  54:59  Drone  
  187  55:00  Drone x16  
  200  55:10  Spore Crawler x2  
  198  55:15  Spore Crawler  
  197  55:22  Spore Crawler  
  197  55:23  Spore Crawler x2  
  194  55:30  Spore Crawler x2  
  194  55:31  Spore Crawler x2  
  194  55:32  Spore Crawler  
  189  55:36  Spore Crawler  
  189  55:37  Spore Crawler x3  
  189  55:39  Drone, Spore Crawler x2  
  189  55:40  Drone x19, Spore Crawler x3  
  189  55:41  Spore Crawler x3  
  189  55:42  Spore Crawler x3  
  195  55:44  Spore Crawler x3  
  195  55:45  Spore Crawler x2  
  195  55:46  Spore Crawler  
  188  56:32  Spore Crawler  
  188  56:33  Spore Crawler x5  
  188  56:34  Spore Crawler x2  
  188  56:35  Spore Crawler  
  188  56:36  Spore Crawler x4  
  188  56:37  Spore Crawler  
  188  56:39  Spore Crawler  
  173  57:11  Spore Crawler  
  173  57:14  Spore Crawler  
  171  57:23  Spore Crawler x2  
  169  57:31  Spore Crawler  
  169  57:34  Drone x9  
  169  57:35  Drone x9  
  186  57:38  Drone x5  
  186  57:39  Drone x7  
  198  58:25  Spine Crawler x3  
  198  58:26  Spine Crawler x5  
  190  58:29  Spine Crawler x3  
  190  58:30  Spine Crawler  
  190  58:31  Spine Crawler  
  190  58:32  Spine Crawler  
  184  58:52  Spine Crawler x2  
  184  58:53  Spine Crawler x2  
  180  58:58  Spore Crawler  
  180  58:59  Spore Crawler, Spine Crawler  
  180  59:01  Spore Crawler x4, Spine Crawler  
  180  59:02  Spine Crawler  
  171  59:05  Spore Crawler, Viper  
  171  59:06  Spore Crawler, Viper x2  
  171  59:09  Spine Crawler  
  177  59:11  Spine Crawler  
  177  59:12  Spine Crawler  
  177  59:13  Spine Crawler  
  174  61:13  Greater Spire  
  174  61:17  Greater Spire  
  174  68:01  Infestor x3  
  174  69:52  Corruptor  
  170  69:53  Corruptor x14  
  170  69:54  Corruptor x2  
  163  70:17  Corruptor x9  
  163  70:18  Corruptor x19  
  163  70:19  Corruptor  
  171  70:39  Brood Lord x2  
  171  70:40  Brood Lord x12  
  171  70:41  Overlord  
  197  70:43  Overlord  
  192  71:03  Hydralisk  
  192  71:04  Hydralisk x4  
  196  71:47  Overlord x3  
  196  71:48  Overlord x5  
  196  71:56  Hatchery  
  195  72:05  Drone x4  
  195  72:06  Drone  
  200  72:43  Hatchery  
  199  72:54  Spore Crawler x2  
  199  72:55  Spore Crawler  
  199  72:56  Spore Crawler x2  
  199  72:57  Spore Crawler x2  
  192  73:40  Lair  
  192  74:41  Spawning Pool  
  192  74:42  Spire  
  190  74:46  Hydralisk Den  
  190  74:49  Hatchery  
  188  75:30  Drone  
  188  75:31  Drone x11  
  200  76:05  Infestation Pit  
  200  76:10  Drone  
  200  76:22  Lair  
  200  76:28  Extractor  
  199  76:37  Hatchery  
  199  76:39  Extractor  
  197  77:09  Lair  
  197  77:10  Hive  
  197  77:11  Hive  
  197  77:37  Overlord  
  197  77:38  Overlord  
  197  77:42  Overlord  
  197  77:44  Overlord  
  197  78:00  Hive  
  197  78:30  Lair  
  197  78:40  Viper  
  200  78:47  Spore Crawler  
  199  78:49  Spore Crawler  
  199  78:51  Spore Crawler  
  199  78:52  Spore Crawler  
  199  78:54  Spore Crawler  
  195  79:00  Spore Crawler  
  195  79:01  Viper x2  
  200  79:03  Spore Crawler  
  200  79:08  Spore Crawler  
  200  79:09  Lair  
  198  79:42  Spine Crawler  
  198  79:44  Spore Crawler  
  198  79:45  Spore Crawler, Viper  
  195  79:46  Drone x2, Spine Crawler  
  195  79:47  Drone  
  200  79:53  Spine Crawler  
  200  79:55  Spine Crawler  
  198  82:10  Overlord x2  
  198  82:33  Neural Parasite  
  186  83:53  Viper  
  186  83:54  Drone  
  186  83:55  Drone x5  
  195  84:30  Drone x3  
  198  84:34  Drone x2  
  200  84:43  Spore Crawler x2  
  198  84:46  Spore Crawler x2  
  198  84:47  Spore Crawler  
  195  85:23  Zergling x6  
  198  85:32  Spore Crawler  
  197  85:43  Spore Crawler x3  
  197  85:49  Spore Crawler  
  193  85:50  Spore Crawler  
  181  85:59  Corruptor  
  181  86:00  Corruptor x18  
  181  86:01  Corruptor x6  
  129  86:13  Corruptor x2  
  129  86:14  Corruptor x16  
  129  86:17  Corruptor x13, Drone  
  156  86:19  Corruptor  
  156  86:20  Corruptor x16  
  156  86:23  Corruptor  
  156  86:24  Corruptor x4  
  197  86:50  Viper  
  197  86:51  Viper x3  
  165  87:39  Overlord x2  
  165  87:40  Overlord x2  
  165  87:42  Corruptor  
  165  87:43  Corruptor x5  
  177  87:45  Infestor x2  
  177  87:46  Infestor x3  
  177  87:50  Corruptor x6  
  199  87:58  Lair  
  199  88:02  Spire  
  178  88:05  Viper x2  
  178  88:06  Viper x4  
  191  88:16  Overseer  
  104  88:46  Viper  
  104  88:47  Viper x3  
  104  88:49  Corruptor x14  
  104  88:50  Corruptor x28  
  104  88:51  Corruptor x6  
  196  89:06  Hive  
  196  89:11  Spire  
  196  89:12  Spawning Pool  
  196  89:13  Infestation Pit  
  196  89:15  Drone  
  196  89:16  Drone x5  
  199  89:29  Spore Crawler  
  198  89:31  Spore Crawler x2  
  198  89:33  Spore Crawler x2  
  198  89:36  Spore Crawler  
  193  90:07  Overlord x3  
  193  90:08  Overlord x2  
  193  90:10  Overlord x2  
  193  90:11  Overlord x2  
  191  90:37  Hatchery  
  191  90:38  Hatchery  
  149  90:44  Infestor x3  
  149  90:45  Infestor x2  
  157  90:56  Hatchery  
  156  91:00  Hatchery  
  139  91:18  Corruptor  
  139  91:19  Corruptor x18  
  139  91:20  Corruptor x11  
  160  92:10  Hydralisk x19  
  196  92:25  Overseer x2  
  196  92:26  Overseer x3  
  196  92:31  Brood Lord x2  
  163  92:51  Hydralisk  
  163  92:52  Hydralisk x17  
  199  93:01  Drone  
  152  94:10  Drone x12  
  152  94:16  Drone x9  
  152  94:17  Drone x26  
  179  94:18  Drone x2  
Show
View Real Time Build Order
Export as new Build Order

Cyclone Terran 

Build Orders:  

Get SALT Encoding   

  12  0:34  SCV  
  13  0:46  SCV  
  14  0:58  SCV  
  14  1:03  Command Center  
  14  1:04  Engineering Bay  
  15  1:37  Command Center  
  15  1:45  Supply Depot  
  15  1:46  Supply Depot  
  15  1:49  Supply Depot  
  15  2:07  SCV  
  16  2:19  SCV  
  17  2:31  SCV x2  
  17  2:35  Refinery, Barracks  
  17  2:36  Refinery  
  19  2:43  SCV x2  
  21  2:59  Planetary Fortress  
  21  3:07  SCV x2  
  21  3:12  Terran Infantry Weapons Level 1  
  23  3:14  Barracks x2  
  23  3:19  SCV x2  
  25  3:34  Factory, Barracks Tech Lab  
  25  3:38  Refinery  
  25  3:39  Refinery  
  23  3:44  SCV  
  24  3:58  Unknown  
  24  4:08  SCV x2  
  24  4:11  Barracks Reactor, Marine x2  
  26  4:18  Barracks  
  26  4:20  SCV  
  26  4:21  SCV  
  26  4:23  Factory Reactor  
  28  4:24  Starport  
  28  4:31  Marine  
  28  4:33  SCV x2  
  28  4:34  Barracks Reactor  
  31  4:49  Orbital Command x2  
  31  5:01  Armory x2  
  31  5:04  Command Center  
  31  5:23  Starport  
  31  5:24  Starport, SCV x2  
  33  5:36  SCV x2  
  33  5:41  Armory  
  35  5:48  SCV  
  35  5:49  Marine x5  
  41  5:50  Marine x2  
  43  5:57  SCV  
  43  5:59  Fusion Core  
  43  6:00  SCV  
  45  6:09  SCV  
  45  6:10  Starport Tech Lab x2  
  46  6:12  Viking, SCV  
  49  6:18  Orbital Command  
  49  6:21  Terran Vehicle And Ship Armor Level 1  
  49  6:22  SCV  
  49  6:25  Terran Ship Weapons Level 1  
  50  6:29  SCV  
  51  6:34  SCV  
  52  6:41  SCV  
  52  6:45  SCV  
  52  6:46  SCV  
  55  6:51  Battlecruiser x2  
  55  6:53  SCV  
  68  6:57  SCV, Supply Depot x2  
  68  6:58  Supply Depot  
  68  7:00  Supply Depot  
  69  7:01  Supply Depot  
  69  7:02  Supply Depot  
  69  7:04  Weapon Refit  
  69  7:10  Starport  
  69  7:11  Factory Tech Lab  
  69  7:18  Battlecruiser, SCV x2  
  69  7:19  SCV  
  78  7:30  SCV x2  
  78  7:31  SCV  
  78  7:36  Supply Depot  
  81  7:37  Supply Depot  
  81  7:38  Supply Depot  
  81  7:43  SCV x3  
  84  7:48  Starport Reactor  
  84  7:50  Starport Tech Lab  
  87  8:01  Battlecruiser x2  
  96  8:09  Battlecruiser  
  102  8:22  Terran Ship Weapons Level 2, Terran Vehicle And Ship Armor Level 2  
  102  8:23  Battlecruiser  
  108  9:10  Supply Depot, Missile Turret  
  108  9:12  Missile Turret x3  
  108  9:13  Missile Turret x2  
  108  9:15  Supply Depot  
  108  9:16  Command Center  
  108  9:18  Battlecruiser x3  
  108  9:21  Command Center x2  
  126  9:30  Battlecruiser  
  132  10:11  Missile Turret  
  132  10:29  Planetary Fortress  
  132  10:32  Missile Turret  
  132  10:33  Planetary Fortress  
  132  10:34  Planetary Fortress  
  132  10:40  Terran Ship Weapons Level 3, Terran Vehicle And Ship Armor Level 3  
  132  10:59  Missile Turret  
  132  11:04  Command Center  
  132  11:06  Command Center  
  132  11:08  Command Center  
  132  11:20  Missile Turret  
  132  11:42  Missile Turret  
  132  12:03  Missile Turret  
  132  12:24  Missile Turret  
  132  12:38  Hi-Sec Auto Tracking  
  132  12:44  Battlecruiser x2  
  132  12:45  Battlecruiser x2  
  156  13:30  Planetary Fortress x3  
  156  13:35  Neosteel Armor  
  156  13:36  Bunker  
  156  13:37  Bunker  
  156  13:40  Bunker  
  156  13:45  Bunker  
  156  13:49  Battlecruiser x3  
  156  13:50  Bunker  
  156  13:54  Bunker  
  174  13:57  Terran Vehicle Weapons Level 1  
  174  14:07  Supply Depot x2  
  174  14:11  Supply Depot  
  174  14:12  Supply Depot  
  174  14:19  Fusion Core  
  174  15:15  Terran Infantry Weapons Level 2  
  174  16:06  Terran Vehicle Weapons Level 2  
  174  16:11  Battlecruiser x4  
  198  16:14  Marine x2  
Show
View Real Time Build Order
Export as new Build Order

SweetBailey Protoss 

Build Orders: 1 Gate Expand, Double Forge, Nexus First, Blink Stalkers, Chargelot Immortal 

Get SALT Encoding   

  12  0:31  Probe  
  12  0:35  Assimilator  
  13  0:37  Pylon  
  13  0:41  Assimilator  
  13  0:43  Probe, Pylon  
  14  0:55  Probe  
  14  0:56  Gateway  
  15  1:05  Nexus  
  15  1:07  Probe  
  15  1:10  Pylon  
  16  1:14  Assimilator  
  16  1:16  Assimilator  
  16  1:19  Probe  
  17  1:31  Probe  
  18  1:47  Cybernetics Core  
  18  1:52  Forge  
  18  1:55  Probe (Chrono Boost)  
  19  2:04  Probe (Chrono Boost)  
  20  2:10  Probe (Chrono Boost)  
  21  2:18  Probe (Chrono Boost)  
  23  2:24  Warp Gate  
  23  2:27  Probe (Chrono Boost)  
  23  2:28  Probe (Chrono Boost)  
  24  2:36  Probe (Chrono Boost)  
  25  2:37  Probe (Chrono Boost)  
  26  2:47  Probe (Chrono Boost)  
  26  2:48  Probe (Chrono Boost)  
  26  2:50  Robotics Facility  
  28  2:52  Probe (Chrono Boost), Twilight Council  
  28  2:58  Probe  
  30  3:04  Probe  
  31  3:08  Protoss Ground Weapons Level 1  
  31  3:10  Probe  
  32  3:16  Probe (Chrono Boost)  
  33  3:22  Probe (Chrono Boost)  
  34  3:31  Blink  
  36  3:34  Probe x2 (Chrono Boost)  
  36  3:37  Templar Archives  
  36  3:39  Probe (Chrono Boost)  
  36  3:41  Probe (Chrono Boost)  
  38  3:45  Robotics Bay  
  38  3:48  Probe  
  39  3:57  Probe  
  39  4:01  Probe, Observer  
  42  4:09  Probe  
  43  4:16  Pylon  
  43  4:22  Pylon  
  43  4:26  Pylon  
  43  4:37  Probe x2  
  45  4:49  Forge  
  45  4:51  Cybernetics Core  
  45  4:53  Pylon  
  45  4:55  Observer  
  46  5:03  Extended Thermal Lance (Chrono Boost)  
  46  5:07  Protoss Air Armor Level 1  
  46  5:12  Probe  
  47  5:17  Gateway x2  
  47  5:18  Gateway  
  47  5:23  Protoss Ground Armor Level 1 (Chrono Boost)  
  47  5:25  Gateway, Protoss Ground Weapons Level 2 (Chrono Boost)  
  47  5:26  Gateway  
  47  5:27  Gateway  
  47  5:30  Gateway  
  47  5:33  Gateway  
  47  5:34  Gateway  
  47  5:40  Pylon  
  47  5:45  Stargate  
  47  5:50  Immortal (Chrono Boost)  
  51  5:57  Pylon, Protoss Air Weapons Level 1  
  51  6:01  Pylon  
  51  6:20  Robotics Facility  
  51  6:22  Robotics Facility  
  51  6:28  Robotics Facility  
  51  6:31  Immortal  
  55  6:47  Robotics Facility  
  55  6:59  Pylon  
  55  7:09  Pylon  
  55  7:17  Pylon  
  55  7:22  Pylon  
  55  7:25  Immortal  
  55  7:28  Immortal x3  
  71  7:34  Protoss Ground Armor Level 2 (Chrono Boost)  
  71  7:37  Protoss Ground Weapons Level 3 (Chrono Boost)  
  71  7:39  Fleet Beacon  
  71  7:46  Charge  
  71  7:50  Gravitic Boosters  
  71  7:51  Observer  
  72  8:04  Stalker  
  74  8:08  Stalker  
  74  8:10  Stalker  
  74  8:12  Stalker x4  
  84  8:13  Stalker x2  
  90  8:39  Phoenix  
  92  8:53  Anion Pulse-Crystals  
  92  9:04  Phoenix  
  92  9:08  Immortal x3  
  106  9:18  Pylon  
  106  9:22  Zealot x6  
  106  9:23  Zealot x3  
  124  9:30  Phoenix  
  126  9:43  Warp Prism  
  128  9:48  Warp Prism  
  128  9:51  Protoss Air Weapons Level 2  
  130  10:02  Phoenix  
  132  11:03  Phoenix  
  134  11:05  Protoss Ground Armor Level 3 (Chrono Boost)  
  134  11:06  Protoss Shields Level 1 (Chrono Boost)  
  134  11:25  Pylon  
  134  11:30  Pylon  
  134  11:33  Phoenix  
  136  11:56  Stargate  
  136  11:58  Stargate  
  136  12:01  Stargate  
  136  12:04  Stargate  
  136  12:18  Zealot  
  136  12:19  Zealot x5  
  136  12:20  Zealot x3  
  154  12:30  Pylon  
  154  12:33  Pylon  
  154  12:35  Pylon  
  154  12:39  Pylon  
  154  12:41  Pylon  
  154  12:53  Photon Cannon  
  154  12:55  Photon Cannon  
  154  12:56  Photon Cannon  
  154  12:59  Photon Cannon  
  154  13:03  Photon Cannon  
  154  13:04  Photon Cannon  
  154  13:06  Photon Cannon  
  154  13:08  Pylon  
  154  13:10  Shield Battery  
  154  13:13  Shield Battery  
  154  13:14  Shield Battery  
  154  13:16  Shield Battery  
  154  13:21  Shield Battery  
  154  13:28  Photon Cannon  
  154  13:29  Shield Battery  
  154  13:31  Photon Cannon  
  154  13:32  Shield Battery  
  154  13:35  Shield Battery  
  154  13:41  Phoenix x4  
  160  13:43  Phoenix  
  164  13:57  Psionic Storm  
  164  14:01  High Templar x3  
  164  14:02  High Templar  
  172  14:03  High Templar  
  172  14:04  High Templar  
  176  14:17  Phoenix  
  176  14:18  Phoenix  
  180  14:39  Pylon  
  180  14:55  Pylon  
  180  15:05  Pylon  
  180  15:18  Photon Cannon  
  180  15:19  Photon Cannon  
  180  15:20  Photon Cannon  
  180  15:22  Photon Cannon  
  180  15:23  Photon Cannon  
  180  15:25  Shield Battery  
  180  15:28  Shield Battery  
  180  15:30  Shield Battery  
  180  15:32  Pylon  
  180  15:44  Phoenix  
  180  15:45  Phoenix x4  
  180  15:48  Protoss Air Weapons Level 3  
  190  16:11  Protoss Shields Level 2  
  190  16:19  Flux Vanes  
  190  16:26  Protoss Air Armor Level 2  
  190  17:37  Gravitic Drive  
  190  17:39  Phoenix x2  
  190  17:40  Phoenix  
  190  17:41  Phoenix, Observer  
  190  17:42  Phoenix  
  200  20:47  Gateway  
  200  20:48  Gateway  
  200  20:53  Gateway  
  200  21:04  Gateway  
  200  21:06  Gateway  
  200  21:07  Gateway  
  200  21:12  Pylon  
  200  21:17  Pylon  
  200  21:21  Pylon  
  200  21:30  Pylon  
  200  21:34  Protoss Shields Level 3  
  200  21:57  Protoss Air Armor Level 3 (Chrono Boost)  
  154  25:08  Phoenix x4  
  154  25:09  Phoenix  
  164  25:22  Stargate  
  164  25:32  Pylon  
  164  25:34  Pylon  
  164  25:36  Pylon  
  164  25:39  Pylon  
  164  25:48  Pylon  
  164  25:50  Pylon  
  184  26:01  Void Ray x3  
  184  26:02  Void Ray x2  
  184  26:34  Robotics Facility  
  184  26:35  Robotics Facility  
  184  26:38  Robotics Facility  
  184  26:43  Robotics Facility  
  184  26:44  Gateway  
  184  26:47  Gateway x2  
  184  26:49  Robotics Facility  
  184  26:52  Robotics Facility  
  200  27:04  Void Ray x4  
  200  27:16  Gateway  
  200  27:17  Gateway  
  200  27:19  Gateway  
  200  27:21  Gateway  
  200  27:23  Gateway  
  200  27:28  Gateway  
  200  27:30  Gateway  
  200  27:36  Gateway  
  200  27:39  Gateway  
  200  27:41  Gateway  
  200  27:44  Gateway  
  200  28:22  Observer  
  200  30:41  Stargate  
  200  30:43  Stargate  
  200  30:45  Stargate  
  200  30:47  Stargate x2  
  200  30:48  Stargate x2  
  200  30:50  Stargate x2  
  200  30:52  Stargate  
  200  30:53  Stargate x2  
  200  30:59  Stargate  
  200  31:01  Stargate  
  199  33:52  Nexus  
  199  34:48  Pylon  
  199  34:50  Assimilator  
  199  34:51  Assimilator  
  199  35:27  Probe  
  181  40:55  Void Ray x3  
  181  40:56  Void Ray x5  
  191  40:58  Void Ray  
  191  41:00  Void Ray  
  151  41:18  Void Ray x6  
  157  41:19  Void Ray x3  
  147  41:38  Void Ray  
  183  41:49  Void Ray x5  
  183  41:50  Void Ray x4  
  199  42:25  Void Ray x2  
  199  42:26  Void Ray x2  
  199  44:45  Pylon  
  199  44:48  Pylon  
  199  44:51  Pylon  
  199  45:11  Pylon  
  199  45:16  Photon Cannon x2  
  199  45:18  Photon Cannon  
  199  45:19  Photon Cannon  
  199  45:21  Photon Cannon  
  199  45:22  Photon Cannon x2  
  199  45:25  Photon Cannon  
  199  45:26  Photon Cannon  
  199  45:27  Photon Cannon  
  199  45:29  Pylon  
  199  45:31  Pylon  
  51  46:40  Carrier  
  51  46:41  Carrier x7  
  51  46:42  Carrier x6  
  51  46:43  Carrier x4  
  51  46:44  Carrier  
  165  46:48  Zealot x2  
  165  46:49  Zealot x6  
  165  46:50  Zealot x6  
  165  46:51  Zealot x3  
  175  48:08  Carrier (Chrono Boost)  
  175  48:09  Carrier x4 (Chrono Boost)  
  195  48:21  Carrier (Chrono Boost)  
  200  49:35  Mothership (Chrono Boost)  
  200  50:24  Photon Cannon  
  200  50:26  Photon Cannon  
  200  50:30  Photon Cannon x2  
  200  50:34  Photon Cannon  
  200  50:35  Photon Cannon  
  200  50:37  Photon Cannon  
  200  50:40  Photon Cannon  
  200  50:41  Shield Battery  
  200  50:43  Shield Battery  
  200  50:47  Shield Battery  
  200  50:50  Shield Battery  
  200  50:52  Shield Battery  
  200  50:54  Shield Battery  
  200  50:56  Shield Battery  
  200  50:58  Shield Battery  
  200  51:35  Pylon  
  200  51:37  Pylon  
  200  51:39  Pylon  
  200  51:41  Pylon  
  200  51:43  Pylon  
  200  51:45  Pylon  
  200  51:47  Pylon  
  200  51:50  Pylon  
  200  51:52  Pylon  
  200  51:54  Pylon  
  200  51:56  Pylon  
  200  51:59  Pylon  
  200  52:02  Pylon  
  200  52:05  Pylon  
  200  57:03  Photon Cannon  
  200  57:04  Photon Cannon  
  200  57:06  Photon Cannon  
  200  57:08  Photon Cannon  
  200  57:10  Photon Cannon  
  200  57:11  Photon Cannon  
  200  57:12  Photon Cannon  
  200  57:13  Photon Cannon  
  200  57:15  Photon Cannon  
  200  57:17  Photon Cannon  
  200  57:18  Photon Cannon  
  200  57:19  Photon Cannon  
  200  57:20  Photon Cannon  
  200  57:22  Photon Cannon  
  200  57:23  Photon Cannon  
  200  57:25  Photon Cannon  
  200  57:27  Photon Cannon  
  200  57:28  Photon Cannon  
  200  57:29  Photon Cannon  
  200  57:31  Photon Cannon  
  200  57:32  Photon Cannon  
  200  57:33  Photon Cannon x2  
  200  57:36  Photon Cannon  
  200  57:38  Photon Cannon x2  
  200  57:39  Photon Cannon  
  200  57:40  Photon Cannon  
  200  57:41  Photon Cannon  
  200  57:43  Photon Cannon x3  
  200  57:46  Photon Cannon  
  200  57:47  Photon Cannon  
  200  57:48  Photon Cannon  
  200  57:50  Photon Cannon  
  200  57:51  Photon Cannon x2  
  200  57:53  Photon Cannon  
  200  57:54  Photon Cannon  
  200  57:56  Photon Cannon  
  200  57:57  Photon Cannon x2  
  200  57:58  Photon Cannon  
  200  58:01  Photon Cannon  
  200  58:02  Photon Cannon  
  200  58:04  Photon Cannon  
  200  58:05  Photon Cannon  
  200  58:07  Photon Cannon  
  200  58:09  Photon Cannon  
  200  58:10  Photon Cannon  
  200  58:12  Photon Cannon x2  
  200  58:14  Photon Cannon  
  200  58:15  Photon Cannon  
  200  58:17  Photon Cannon  
  200  58:18  Photon Cannon  
  200  58:20  Photon Cannon  
  200  58:22  Photon Cannon x2  
  200  58:26  Photon Cannon  
  200  58:28  Photon Cannon x2  
  200  58:30  Photon Cannon  
  200  58:31  Photon Cannon  
  200  58:32  Photon Cannon  
  200  58:34  Photon Cannon  
  200  58:35  Photon Cannon  
  200  58:36  Photon Cannon  
  200  58:38  Photon Cannon  
  200  58:40  Photon Cannon  
  200  58:41  Photon Cannon  
  200  58:43  Photon Cannon  
  200  58:44  Photon Cannon  
  200  58:46  Photon Cannon  
  200  58:47  Photon Cannon  
  200  58:49  Photon Cannon  
  200  58:51  Photon Cannon  
  200  58:52  Photon Cannon  
  200  58:54  Photon Cannon  
  200  58:56  Photon Cannon  
  200  58:58  Photon Cannon  
  200  58:59  Photon Cannon  
  200  59:02  Photon Cannon  
  200  59:04  Photon Cannon  
  200  59:06  Photon Cannon  
  200  59:07  Photon Cannon  
  200  59:09  Photon Cannon  
  200  59:10  Photon Cannon  
  200  59:13  Photon Cannon  
  200  59:15  Photon Cannon  
  199  60:58  Shield Battery x2  
  199  61:00  Shield Battery  
  199  61:02  Shield Battery  
  199  61:03  Shield Battery  
  199  61:05  Shield Battery  
  199  61:07  Shield Battery  
  199  61:08  Shield Battery  
  199  61:09  Shield Battery  
  199  61:12  Shield Battery  
  199  61:13  Shield Battery  
  199  61:16  Shield Battery  
  185  63:02  Carrier x2  
  200  64:24  Mothership (Chrono Boost)  
  200  64:36  Nexus  
  200  64:41  Pylon  
  200  64:42  Pylon  
  200  67:32  Pylon  
  200  67:54  Pylon  
  200  67:55  Photon Cannon  
  200  68:00  Photon Cannon  
  200  68:05  Pylon  
  174  70:32  Carrier x4  
  198  78:26  Observer  
  127  81:02  Carrier x2  
  127  81:03  Carrier x6  
  127  81:04  Carrier x4  
  181  81:36  Pylon  
  2  85:20  Pylon  
  2  85:21  Pylon  
  2  85:25  Pylon  
  2  85:30  Pylon  
Show
View Real Time Build Order
Export as new Build Order

MordredHoper Terran 

Build Orders:  

Get SALT Encoding   

  12  0:33  SCV  
  13  0:37  Command Center  
  13  0:45  SCV  
  13  0:47  Supply Depot  
  14  1:04  Command Center  
  14  1:06  SCV  
  14  1:10  Barracks  
  15  1:16  Refinery  
  15  1:23  SCV  
  16  1:28  Engineering Bay  
  16  1:35  SCV  
  18  1:47  SCV  
  18  1:49  SCV  
  19  2:01  Orbital Command  
  19  2:02  Orbital Command  
  19  2:10  Factory  
  19  2:26  Planetary Fortress  
  19  2:30  SCV x2  
  21  2:37  Refinery  
  21  2:38  Orbital Command  
  21  2:48  SCV  
  22  3:00  SCV  
  22  3:04  SCV  
  24  3:10  SCV  
  24  3:12  SCV  
  26  3:16  SCV  
  26  3:18  Unknown  
  27  3:20  Supply Depot  
  27  3:21  Factory Tech Lab  
  27  3:24  SCV  
  28  3:28  SCV  
  29  3:34  Starport  
  29  3:36  Starport  
  29  3:38  SCV  
  29  3:39  SCV  
  29  3:41  SCV  
  32  3:50  Refinery, SCV  
  32  3:53  SCV  
  34  4:03  SCV  
  34  4:04  Armory  
  34  4:05  Armory, SCV  
  34  4:06  SCV  
  37  4:15  SCV  
  38  4:17  SCV  
  38  4:18  SCV  
  38  4:20  Starport Tech Lab  
  38  4:21  Starport Tech Lab  
  40  4:26  Fusion Core  
  40  4:27  SCV  
  40  4:29  SCV  
  40  4:31  SCV  
  43  4:37  Refinery  
  43  4:39  SCV  
  43  4:41  SCV  
  43  4:43  SCV  
  46  4:51  SCV  
  47  4:53  SCV  
  47  4:54  Terran Vehicle And Ship Armor Level 1, Terran Ship Weapons Level 1  
  48  5:03  SCV  
  49  5:13  Battlecruiser x2  
  61  5:18  Supply Depot  
  61  5:20  Supply Depot  
  61  5:37  Supply Depot  
  61  5:38  Supply Depot  
  61  5:40  SCV x3  
  64  5:44  Weapon Refit  
  64  5:52  Starport  
  64  5:55  Starport  
  64  6:02  Starport  
  64  6:19  Battlecruiser x2  
  76  6:30  Starport Tech Lab  
  76  6:33  Starport Tech Lab  
  76  6:38  Starport Tech Lab  
  76  7:14  Command Center  
  76  7:15  Command Center x2  
  76  7:21  Command Center  
  76  7:22  Command Center  
  76  7:29  Battlecruiser x2  
  88  7:49  Sensor Tower  
  88  8:05  Sensor Tower  
  88  8:15  Sensor Tower  
  88  8:25  Battlecruiser x3  
  88  8:26  Supply Depot x2  
  106  8:32  Supply Depot  
  106  8:43  Orbital Command  
  106  8:47  Orbital Command  
  106  8:51  Terran Ship Weapons Level 2, Terran Vehicle And Ship Armor Level 2  
  106  9:01  Supply Depot  
  106  9:02  Supply Depot  
  106  9:07  Planetary Fortress  
  106  9:08  Planetary Fortress x2  
  106  9:23  Missile Turret  
  106  9:24  Missile Turret  
  106  9:28  Missile Turret  
  106  9:33  Battlecruiser  
  112  9:39  SCV  
  112  9:40  SCV  
  114  9:49  Missile Turret  
  114  9:51  Missile Turret  
  114  9:52  Missile Turret  
  114  9:58  Starport  
  114  10:02  Starport  
  114  10:06  Starport  
  114  10:11  Starport  
  114  10:30  Missile Turret  
  114  10:31  Missile Turret  
  114  10:33  Missile Turret  
  114  10:42  Starport Reactor x3  
  114  10:44  Missile Turret  
  114  10:46  Missile Turret x2  
  114  10:50  Starport Tech Lab, Missile Turret  
  114  11:03  Starport  
  114  11:06  Missile Turret  
  114  11:17  Missile Turret  
  114  11:20  Missile Turret  
  114  11:22  Missile Turret  
  114  11:39  Missile Turret  
  114  11:42  Missile Turret  
  114  11:44  Missile Turret  
  114  12:01  Missile Turret  
  114  12:02  Missile Turret  
  114  12:05  Missile Turret  
  114  12:08  Missile Turret  
  114  12:16  Missile Turret x2  
  114  12:19  Missile Turret x2  
  114  12:22  Missile Turret  
  114  12:25  Missile Turret  
  114  12:28  Missile Turret  
  114  12:29  Missile Turret  
  114  12:37  Missile Turret  
  114  12:38  Missile Turret x2  
  114  12:39  Missile Turret  
  114  12:46  Starport Tech Lab  
  114  12:55  Battlecruiser  
  114  12:56  Battlecruiser, Liberator  
  114  12:57  Liberator x9  
  156  12:59  Terran Ship Weapons Level 3, Terran Vehicle And Ship Armor Level 3  
  156  13:18  Missile Turret x2  
  156  13:20  Missile Turret x2  
  156  13:21  Missile Turret x3  
  156  13:22  Orbital Command  
  156  13:27  Orbital Command  
  156  13:29  Missile Turret x2  
  156  13:39  Liberator  
  156  13:40  Missile Turret, Liberator x6  
  177  13:42  Missile Turret  
  177  13:49  Advanced Ballistics  
  177  14:00  Missile Turret  
  177  14:05  Missile Turret  
  177  14:44  Liberator x6  
  177  14:45  Liberator  
  198  17:35  Command Center  
  198  17:37  Command Center  
  198  17:39  Command Center  
  198  17:49  Command Center  
  198  17:52  Command Center  
  198  18:01  Command Center  
  198  18:04  Command Center  
  166  18:49  Orbital Command  
  166  18:52  Orbital Command x2  
  166  19:16  Missile Turret  
  166  19:28  Missile Turret  
  166  19:30  Missile Turret  
  166  19:34  Missile Turret  
  166  19:35  Missile Turret  
  166  19:36  Missile Turret  
  166  19:37  Missile Turret  
  166  19:43  Orbital Command x4  
  166  19:55  Missile Turret  
  166  19:57  Missile Turret x2  
  166  19:59  Missile Turret  
  166  20:18  Missile Turret  
  166  20:20  Missile Turret  
  166  20:22  Missile Turret  
  166  20:23  Missile Turret  
  166  20:24  Missile Turret  
  166  20:25  Missile Turret x2  
  166  20:48  Hyperflight Rotors  
  166  20:57  Missile Turret x3  
  166  20:59  Missile Turret x3  
  166  21:02  Missile Turret  
  166  21:09  Cloaking Field  
  166  21:11  Interference Matrix  
  166  22:07  Ghost Academy  
  166  22:09  Ghost Academy  
  166  22:10  Barracks  
  166  22:11  Barracks  
  166  22:13  Barracks  
  166  22:15  Barracks  
  166  22:26  Barracks Tech Lab  
  166  22:32  Missile Turret  
  166  22:45  Missile Turret, Personal Cloaking  
  166  22:46  Nuke  
  166  22:47  Missile Turret  
  166  22:48  Ghost  
  168  23:20  Barracks Tech Lab x4  
  168  23:29  Missile Turret  
  168  23:33  Missile Turret  
  168  23:38  Ghost  
  168  23:39  Ghost x4  
  178  24:04  Missile Turret  
  178  24:05  Missile Turret x3  
  178  24:06  Missile Turret x2  
  178  24:11  Nuke  
  178  24:33  Ghost  
  178  24:34  Ghost  
  178  24:38  Terran Infantry Armor Level 1  
  182  24:47  Engineering Bay  
  182  24:48  Engineering Bay x2  
  179  25:07  Battlecruiser  
  179  25:08  Battlecruiser x2  
  196  25:37  Neosteel Armor, Hi-Sec Auto Tracking  
  196  25:38  Terran Infantry Weapons Level 1  
  196  25:42  Terran Vehicle Weapons Level 1  
  196  27:39  Raven x2  
  196  27:40  Raven  
  199  27:51  Raven x2  
  200  36:56  Terran Infantry Weapons Level 2, Terran Infantry Armor Level 2  
  166  40:41  Battlecruiser x6  
  182  42:48  Orbital Command  
  182  42:50  Ghost  
  182  42:51  Ghost x4  
  184  42:52  Orbital Command  
  184  42:53  Orbital Command  
  184  42:54  Orbital Command  
  184  42:57  Orbital Command x2  
  192  42:59  Orbital Command  
  192  43:00  Orbital Command  
  192  43:02  Battlecruiser  
  171  46:31  Liberator  
  171  46:32  Liberator x8  
  93  47:15  Battlecruiser x5  
Tags
 
Add a new tag
Caveats
  • Supply blocks, unpowered buildings, or Contaminate may cause inaccurate times.
  • Supply counts are checked every 10 seconds.